 Dungeon Crawl Stone Soup version 0.30-a0-368-g86fb4627a9 (webtiles) character file.

Game seed: 6242383255542617546

9982 Maxmaps the Carver (level 11, -7/89 HPs)
             Began as a Demonspawn Gladiator on Nov 19, 2022.
             Was an Initiate of Gozag.
             Killed from afar by a hell knight (25 damage)
             ... with a bolt of fire
             ... on level 1 of the Abyss on Nov 20, 2022.
             The game lasted 00:15:22 (6469 turns).

Maxmaps the Carver (Demonspawn Gladiator)           Turns: 6469, Time: 00:15:22

Health: -7/89      AC: 22    Str: 11 (14) XL:     11   Next: 30%
Magic:  9/9        EV:  3    Int: 12      God:    Gozag
Gold:   166        SH:  4    Dex: 10 (13) Spells: 10/10 levels left

rFire   . . .      SeeInvis .    a - +1 long sword (protect)
rCold   . . .      Faith    .    (no shield)
rNeg    . . .      Spirit   .    z - +1 plate armour
rPois   .          Reflect  .    (helmet restricted)
rElec   .          Harm     .    y - +2 cloak
rCorr   .          Rampage  .    i - +0 pair of gloves
Will    .....                    A - +0 pair of boots
Stlth   ..........               f - amulet of regeneration
HPRegen 1.14/turn                (no ring)
MPRegen 0.11/turn                (no ring)

@: mighty, under a protective aura, unable to drink
A: horns 2, large bone plates 1, demonic guardian 2, spiny 2, deformed body,
deterioration 1, inability to drink after injury 1, [clumsy 1], [dopey 1], [low
MP 1], [screaming 2]
a: Renounce Religion, Potion Petition, Call Merchant, Bribe Branch


You were on level 1 of the Abyss.
You worshipped Gozag.
Gozag was aware of your devotion.
You visited 2 branches of the dungeon, and saw 10 of its levels.
You visited the Abyss 1 time.

You collected 909 gold pieces.
You spent 20 gold pieces at shops.
You paid 723 gold pieces to Gozag.

Inventory:

Hand Weapons
 a - a +1 long sword of protection (weapon)
Missiles
 d - 3 throwing nets (quivered)
 e - 5 javelins
Armour
 i - a +0 pair of gloves (worn)
 y - a +2 cloak (worn)
 z - a +1 plate armour (worn)
 A - a +0 pair of boots (worn)
Jewellery
 f - an amulet of regeneration (around neck)
Wands
 n - a wand of flame (24)
 q - a wand of polymorph (9)
Scrolls
 j - 4 scrolls of enchant weapon
 p - 2 scrolls of torment {unknown}
 r - 2 scrolls of enchant armour
 s - a scroll of teleportation
 t - 2 scrolls of butterflies {unknown}
 u - 2 scrolls of amnesia {unknown}
 x - 2 scrolls of blinking {unknown}
 D - a scroll of identify
Potions
 b - a potion of ambrosia {unknown}
 c - 5 potions of flight
 h - a potion of cancellation
 k - a potion of heal wounds
 l - 3 potions of attraction {unknown}
 m - 3 potions of invisibility
 o - 3 potions of lignification
 v - 2 potions of mutation
 w - a potion of curing
 B - a potion of berserk rage
 C - a potion of resistance


   Skills:
 + Level 9.5 Fighting
 - Level 12.1 Long Blades
 - Level 1.7 Throwing
 - Level 7.0 Armour
 - Level 4.1 Dodging


You had 10 spell levels left.
You didn't know any spells.
Your spell library contained the following spells:

 Spells                   Type           Power      Damage    Failure   Level
 Cigotuvi's Dreadful Rot  Necr/Pois/Air  0%         N/A       100%        2
 Poisonous Vapours        Pois/Air       0%         N/A       100%        2
 Mephitic Cloud           Conj/Pois/Air  0%         N/A       100%        3


Dungeon Overview and Level Annotations

Branches:
Dungeon (9/15)             Temple (1/1) D:7
   Lair: D:8-11         Orc: D:9-12

Altars:
Ashenzari
Cheibriados
Dithmenos
Fedhas
Gozag
Hepliaklqana
Kikubaaqudgha
Makhleb
Nemelex Xobeh
Okawaru
Qazlal
Ru
Sif Muna
Trog
Uskayaw
Vehumet
Wu Jian
Xom
Yredelemnul

Shops:
D:1 [   D:4 (   D:7 **

Annotations:
D:8 Psyche


Innate Abilities, Weirdness & Mutations

You have a pair of horns on your head.
You are partially covered in large bone plates. (SH +4)
A demonic guardian rushes to your aid.
You are mostly covered in sharp spines.
Armour fits poorly on your strangely shaped body.
Your body sometimes deteriorates upon taking damage.
You occasionally lose the ability to drink potions when taking damage.
[You are clumsy. (Dex -2)]
[You are dopey. (Int -2)]
[Your magical capacity is low. (-10% MP)]
[You frequently scream uncontrollably at your foes.]


Message History

You feel much better.
The hell knight hits you but does no damage.
You closely miss the hell knight.
The thrashing horror is no longer distracted by gold.
The thrashing horror is struck by your spines.
The thrashing horror tramples you but does no damage. x2
The hell knight hits you with a +0 long sword!
Unknown command.
You slash the thrashing horror!
The thrashing horror is moderately damaged.
The thrashing horror tramples you but does no damage. x2
The hell knight hits you from afar with a +4 halberd of flaming!!
The hell knight burns you!
You slash the hell knight! Your headbutt misses the hell knight.
The hell knight is lightly wounded.
The thrashing horror tramples you.
You hold your ground!
The thrashing horror tramples you but does no damage.
The hell knight hits you with a +0 long sword.
The hell knight mumbles some strange prayers to its god.
The hell knight seems to speed up.
You barely miss the hell knight.
The hell knight is lightly wounded.
The thrashing horror is struck by your spines.
The thrashing horror tramples you but does no damage. x2
The hell knight hits you from afar with a +4 halberd of flaming!
* * * LOW HITPOINT WARNING * * *
The hell knight burns you.
* * * LOW HITPOINT WARNING * * *
A demonic guardian appears!
The hell knight mumbles some strange prayers to its god.
The hell knight seems to speed up.
You barely miss the hell knight. You headbutt the hell knight.
The hell knight is moderately wounded.
You block the thrashing horror's attack.
The thrashing horror tramples you but does no damage.
The hell knight invokes the aid of its god against you.
The bolt of fire hits you!!
You feel threatened and lose the ability to drink potions!
You die...
Your body crumbles into a pile of gold.

#. # #.. # # .#
#.## # ###..#
#.#.
#.###.##... #
##X@p....# ## #
#x4$.#...##
.#.###p#ยง...#
....#.#$.....#
~. #.
#...$#....# .~~
#
..#....#b...#p#
~ # #. .. .
....#.# ~
.....#.
#..##.#. ~
...###. . ..#..
~~


You could see 2 hell knights, a thrashing horror, a small abomination (ally
target) and a friendly ice devil (summoned).

Vanquished Creatures
  A centaur warrior (D:8)
  A wretched star (Abyss:1)
  2 cyclopes
  The ghost of Hubris850 the Martial Artist, a novice MfTm of Gozag (D:5)
  2 trolls (D:8)
  A raiju (Abyss:1)
  2 ynoxinuls (Abyss:1)
  A wyvern (D:8)
  3 fire bats (Abyss:1)
  3 yaks (D:9)
  A steam dragon (D:8)
  A chaos spawn (Abyss:1)
  2 neqoxecs (Abyss:1)
  A large abomination (Abyss:1)
  2 water moccasins
  A black bear (D:6)
  2 ogres (D:5)
  A sky beast (D:8)
  An ice beast (D:6)
  2 centaurs
  Blork the orc (D:6)
  2 kobold brigands (D:8)
  A phantom (D:6)
  2 bullfrogs (D:7)
  A gnoll sergeant (D:9)
  3 small abominations (Abyss:1)
  5 scorpions
  5 wights (D:7)
  Dowan (D:7)
  5 killer bees (D:8)
  A quasit (Abyss:1)
  4 hounds
  2 gnoll boudas
  2 orc priests (D:7)
  6 iguanas
  Jessica (D:2)
  5 orc wizards
  Robin (D:2)
  8 adders
  12 gnolls
  2 shadow imps (D:6)
  A white imp (D:6)
  An ufetubus (D:4)
  3 worms
  3 dart slugs
  20 orcs
  11 bats
  3 endoplasms
  2 giant cockroaches
  18 goblins
  8 hobgoblins
  9 jackals
  3 quokkas
  4 ball pythons
  6 frilled lizards
  11 kobolds
  2 rats (D:1)
206 creatures vanquished.

Vanquished Creatures (collateral kills)
  Erica (D:8)
  A deep elf pyromancer (D:8)
  Joseph (D:8)
  A demonic crawler (Abyss:1)
  A raiju (Abyss:1)
  A ynoxinul (Abyss:1)
  A kobold brigand (D:8)
  3 gnolls
10 creatures vanquished.

Vanquished Creatures (others)
  Duvessa (D:7)
  A plant (D:7)
2 creatures vanquished.

Grand Total: 218 creatures vanquished

Notes
Turn   | Place    | Note
-------+----------+-------------------------------------------
     0 | D:1      | Maxmaps the Demonspawn Gladiator began the quest for the
                  | Orb.
     0 | D:1      | Reached XP level 1. HP: 16/16 MP: 1/1
   112 | D:1      | Reached skill level 3 in Long Blades
   180 | D:1      | Gained mutation: You have a pair of small horns on your
                  | head. [demonic ancestry]
   180 | D:1      | Reached XP level 2. HP: 21/22 MP: 2/2
   303 | D:1      | Found Dujisch's Antique Armour Shop.
   532 | D:1      | Gained mutation: You are partially covered in sharp spines.
                  | [demonic ancestry]
   532 | D:1      | Reached XP level 3. HP: 24/27 MP: 3/3
   598 | D:2      | Noticed Robin
   602 | D:2      | Reached skill level 4 in Long Blades
   712 | D:2      | Killed Robin
   721 | D:2      | Reached skill level 1 in Armour
   746 | D:2      | Noticed Jessica
   751 | D:2      | Gained mutation: A weak demonic guardian rushes to your
                  | aid. [demonic ancestry]
   751 | D:2      | Reached XP level 4. HP: 28/33 MP: 4/4
   762 | D:2      | Killed Jessica
  1060 | D:2      | Found a bloodstained altar of Trog.
  1463 | D:3      | Reached XP level 5. HP: 20/38 MP: 5/5
  1788 | D:3      | Found an iron altar of Okawaru.
  1788 | D:3      | Found a stormy altar of Qazlal.
  1788 | D:3      | Found a bloodstained altar of Trog.
  2348 | D:4      | Gained mutation: You are mostly covered in sharp spines.
                  | [demonic ancestry]
  2348 | D:4      | Reached XP level 6. HP: 46/46 MP: 6/6
  2867 | D:4      | Found Cydwiata's Antique Weapon Boutique.
  2898 | D:4      | HP: 1/48 [gnoll/+0 spear[a gnoll bouda] (4)]
  3497 | D:5      | Entered Level 5 of the Dungeon
  3564 | D:5      | Found a snail-covered altar of Cheibriados.
  3636 | D:5      | Found a runed translucent door.
  3639 | D:5      | Reached skill level 5 in Fighting
  3639 | D:5      | Gained mutation: You have a pair of horns on your head.
                  | [demonic ancestry]
  3639 | D:5      | Reached XP level 7. HP: 56/56 MP: 7/7
  3640 | D:5      | Noticed Hubris850's ghost (novice MfTm)
  3667 | D:5      | Killed Hubris850's ghost
  3814 | D:5      | Reached XP level 8. HP: 55/67 MP: 8/8
  4220 | D:6      | Noticed Blork the orc
  4225 | D:6      | Killed Blork the orc
  4226 | D:6      | Reached skill level 5 in Armour
  4616 | D:7      | Noticed Dowan
  4616 | D:7      | Noticed Duvessa
  4623 | D:7      | Killed Duvessa
  4627 | D:7      | Killed Dowan
  4669 | D:7      | Gained mutation: You are partially covered in large bone
                  | plates. (SH +4) [demonic ancestry]
  4669 | D:7      | Reached XP level 9. HP: 74/74 MP: 9/9
  4698 | D:7      | Found a staircase to the Ecumenical Temple.
  4718 | D:7      | Found Jupnon's CLEARANCE SALE!.
  4725 | D:7      | Bought a potion of berserk rage for 20 gold pieces
  4938 | Temple   | Entered the Ecumenical Temple
  5134 | Temple   | Became a worshipper of Gozag Ym Sagoz the Greedy
  5221 | D:7      | Found Qukod's Lightly-Used Armoury.
  5645 | D:7      | Reached skill level 5 in Long Blades
  5677 | D:7      | You fall into a shaft and drop 2 floors!
  5716 | D:9      | Reached skill level 6 in Long Blades
  5767 | D:9      | Reached skill level 7 in Long Blades
  5875 | D:9      | Noticed a cyclops
  5884 | D:9      | Killed a cyclops
  5930 | D:8      | Reached skill level 8 in Long Blades
  5944 | D:8      | Noticed a centaur warrior
  6005 | D:8      | Reached XP level 10. HP: 80/80 MP: 10/10
  6033 | D:8      | Killed a centaur warrior
  6033 | D:8      | Noticed Joseph
  6034 | D:8      | Reached skill level 9 in Long Blades
  6059 | D:8      | Noticed Erica
  6071 | D:8      | Killed Joseph
  6072 | D:8      | Reached skill level 10 in Long Blades
  6072 | D:8      | Noticed a deep elf pyromancer
  6077 | D:8      | Killed a deep elf pyromancer
  6079 | D:8      | Noticed a cyclops
  6083 | D:8      | Killed Erica
  6084 | D:8      | Reached skill level 11 in Long Blades
  6084 | D:8      | Noticed a centaur warrior
  6113 | D:8      | Killed a cyclops
  6174 | D:8      | Noticed Psyche
  6177 | Abyss:1  | Cast into level 1 of the Abyss (Psyche)
  6187 | Abyss:1  | Noticed a wretched star
  6217 | Abyss:1  | Killed a wretched star
  6218 | Abyss:1  | Gained mutation: A demonic guardian rushes to your aid.
                  | [demonic ancestry]
  6218 | Abyss:1  | Reached XP level 11. HP: 20/68 MP: 8/8
  6264 | Abyss:1  | Reached skill level 12 in Long Blades
  6311 | Abyss:1  | Gained mutation: You are weak. (Str -2) [a neqoxec]
  6383 | Abyss:1  | Gained mutation: You occasionally lose the ability to drink
                  | potions when taking damage. [a neqoxec]
  6393 | Abyss:1  | Gained mutation: Armour fits poorly on your strangely
                  | shaped body. [a neqoxec]
  6397 | Abyss:1  | Gained mutation: Your body often deteriorates upon taking
                  | damage. [a neqoxec]
  6403 | Abyss:1  | Lost mutation: You are weak. (Str -2) [a neqoxec]
  6450 | Abyss:1  | Noticed a hell knight
  6460 | Abyss:1  | Noticed a hell knight
  6461 | Abyss:1  | Noticed a thrashing horror
  6469 | Abyss:1  | Killed from afar by a hell knight

Illustrated notes

Levels and vault maps discovered:
D:1:      dpeg_arrival_three_same_balls, layout_rooms, serial_shops, shop_coins,
          minmay_indecisive_spiral
D:2:      layout_loops_ring, basic_altar, uniq_robin, uniq_jessica
D:3:      layout_basic, chequers_temple_overflow_statue_of_worship
D:4:      layout_basic, serial_shops, nicolae_square_shop
D:5:      layout_basic, kennysheep_little_box, ebering_ghost_sewer_d
D:6:      layout_rooms, uniq_blork_the_orc
D:7:      layout_basic, minmay_temple_entry_gardened_gates, dk_vineyard_1,
          minmay_shop_damaged, nicolae_shop_clearance, uniq_duvessa
D:8:      minmay_the_grid_square_5x5_3x3 [minmay_the_grid_square_5x5_inner_i,
          minmay_the_grid_square_5x5_plus, minmay_the_grid_square_5x5_tri_point,
          minmay_the_grid_square_5x5_bracketed,
          minmay_the_grid_square_5x5_megaprize_open,
          minmay_the_grid_square_5x5_one_wall,
          minmay_the_grid_square_5x5_sharp_hourglass,
          minmay_the_grid_square_5x5_six, minmay_the_grid_square_5x5_dogpile],
          layout_layer_cave, uniq_joseph, uniq_psyche, uniq_erica
D:9:      layout_big_octagon
Temple:   bh_familiar_temple
Abyss:1:  base:
D:4

Skill      XL: |  1  2  3  4  5  6  7  8  9 10 11 |
---------------+----------------------------------+-----
Long Blades    | 3 4 8 11 12 | 12.1
Armour         | 1 3 4 7 |  7.0
Fighting       | 5 7 8 9 |  9.5
Dodging        | 3 4 |  4.1
Throwing       | |  1.7

Action                   |  1- 3 |  4- 6 |  7- 9 | 10-12 || total
-------------------------+-------+-------+-------+-------++-------
Melee: Long sword        |    88 |   126 |   179 |   218 ||   611
       Punch             |     1 |       |     4 |     3 ||     8
       Headbutt          |    11 |    28 |    47 |    39 ||   125
Invok: Potion Petition   |       |       |       |     1 ||     1
  Use: Scroll            |       |    14 |     5 |     2 ||    21
       Potion            |       |     1 |       |     7 ||     8
 Stab: Distracted        |       |       |     2 |     2 ||     4
Armor: Leather armour    |    39 |       |       |       ||    39
       Scale mail        |    12 |    30 |       |       ||    42
       Plate armour      |       |    56 |   145 |   179 ||   380
Dodge: Dodged            |    66 |    71 |    44 |    51 ||   232
Block: Other             |       |       |    18 |    36 ||    54

Table legend: (Time is in decaauts)
 A = Elapsed time spent in this place.
 B = Non-inter-level travel time spent in this place.
 C = Inter-level travel time spent in this place.
 D = Time resting spent in this place.
 E = Time spent auto-exploring this place.
 F = Levels seen in this place.
 G = Mean time per level.
                   A        B        C        D        E       F      G
               +--------+--------+--------+--------+--------+-----+--------+
         Total |   6507 |   6046 |    461 |    793 |   3774 |  11 |  591.5 |
       Dungeon |   6026 |   5612 |    414 |    754 |   3602 |   9 |  669.6 |
        Temple |    213 |    166 |     47 |      0 |    161 |   1 |  213.0 |
         Abyss |    267 |    267 |      0 |     39 |     11 |   1 |  267.0 |
               +--------+--------+--------+--------+--------+-----+--------+

Top non-repeatable levels by time:
     D:4: 1297 daAuts
     D:3: 936 daAuts
     D:5: 758 daAuts
     D:2: 714 daAuts
     D:1: 706 daAuts
     D:7: 693 daAuts
     D:6: 432 daAuts
 Abyss:1: 267 daAuts
     D:8: 257 daAuts
     D:9: 229 daAuts
  Temple: 213 daAuts
